 Dungeon Crawl Stone Soup version 0.31-a0-986-g5e6e4ef867 (webtiles) character file.

Game seed: 4468363470305874002

4103 FakeRyeBread the Basher (level 10, -1/64 HPs)
             Began as a Gargoyle Fighter on Nov 8, 2023.
             Was a Believer of Okawaru.
             Slain by Harold
             ... wielding a +2 battleaxe of flaming
              (9 damage)
             ... on level 9 of the Dungeon.
             The game lasted 00:18:12 (8759 turns).

FakeRyeBread the Basher (Gargoyle Fighter)          Turns: 8759, Time: 00:18:12

Health: -1/64      AC: 26    Str: 24    XL:     10   Next: 26%
Magic:  9/11       EV:  8    Int:  9    God:    Okawaru [**....]
Gold:   391        SH:  6    Dex:  9    Spells: 9/9 levels left

rFire   . . .        l - +2 morningstar
rCold   . . .        c - +0 buckler
rNeg    + + .        v - +0 plate armour
rPois   ∞            (no helmet)
rElec   +            (no cloak)
rCorr   +            b - +0 pair of gloves
SInv    .            i - +0 pair of boots
Will    .....        (no amulet) Stlth
                     t - ring of resist corrosion
HPRegen 0.30/turn    w - ring of positive energy
MPRegen 0.12/turn

%: no passive effects
@: heroic, marked
A: sickness immunity, AC +7, negative energy resistance 1, electricity
resistance, torment resistance 1, petrification resistance
a: Renounce Religion, Heroism


You were on level 9 of the Dungeon.
You worshipped Okawaru.
Okawaru was pleased with you.
You visited 2 branches of the dungeon, and saw 10 of its levels.

You collected 391 gold pieces.

Inventory:

Hand Weapons
 l - a +2 morningstar (weapon)
 m - a +1 flail of holy wrath
Armour
 b - a +0 pair of gloves (worn)
 c - a +0 buckler (worn)
 i - a +0 pair of boots (worn)
 v - a +0 plate armour (worn)
Jewellery
 g - a +6 ring of dexterity
 q - a ring of protection from fire
 t - a ring of resist corrosion (left hand)
 w - a ring of positive energy (right hand)
Wands
 e - a wand of flame (19)
 p - a wand of mindburst (22)
Scrolls
 r - a scroll of fog
Potions
 a - a potion of berserk rage
 d - a potion of might
 h - 2 potions of enlightenment
 k - 4 potions of brilliance
 o - a potion of magic


   Skills:
 + Level 7.8(12.8) Fighting
 * Level 9.3(14.3) Maces & Flails
 + Level 7.8(12.8) Armour
 + Level 7.7(12.7) Shields
 + Level 2.6 Invocations


You had 9 spell levels left.
You didn't know any spells.
Your spell library was empty.

Dungeon Overview and Level Annotations

Branches:
Dungeon (9/15)             Temple (1/1) D:7
   Lair: D:8-11         Orc: D:9-12

Altars:
Ashenzari
Cheibriados
Dithmenos
Elyvilon
Fedhas
Gozag
Hepliaklqana
Makhleb
Nemelex Xobeh
Okawaru
Qazlal
Ru
Sif Muna
Uskayaw
Vehumet
Wu Jian
Xom
Yredelemnul
Zin
The Shining One

Shops:
D:4 :

Annotations:
D:7 2 transporters, Stellion's ghost, novice HOFi
D:9 Harold


Innate Abilities, Weirdness & Mutations

You are immune to sickness and miasma.
Your stone body is resilient. (AC +7)
You are immune to poison.
You resist negative energy. (rN+)
You are resistant to electric shocks. (rElec)
You are resistant to unholy torment.
You are immune to petrification.


Message History

Harold points at you and mumbles some strange words.
A sentinel's mark forms upon you.
You barely miss Harold.
Harold is moderately wounded.
Harold barely misses you.
You hit Harold.
Harold is moderately wounded.
Harold hits you with a +2 battleaxe of flaming!
Harold burns you.
You puncture Harold!
Harold is moderately wounded.
Harold barely misses you.
You barely miss Harold.
Harold is moderately wounded.
Harold hits you with a +2 battleaxe of flaming.
Harold burns you.
You puncture Harold!
Harold is heavily wounded.
Harold hits you with a +2 battleaxe of flaming!
Harold burns you!
You completely miss Harold.
Harold is heavily wounded.
Harold hits you with a +2 battleaxe of flaming!
* * * LOW HITPOINT WARNING * * *
Harold burns you.
* * * LOW HITPOINT WARNING * * *
You feel better. You block Harold's attack.
You gain the combat prowess of a mighty hero.
You block Harold's attack.
You sock Harold!
Harold is severely wounded.
Harold hits you with a +2 battleaxe of flaming.
* * * LOW HITPOINT WARNING * * *
Harold burns you.
* * * LOW HITPOINT WARNING * * *
You sock Harold!
Harold is severely wounded.
Harold hits you with a +2 battleaxe of flaming!
You die...
Harold says, "Can't wait to tell my little ones about this."

#.(# #..# #..# #..####
##################..#######......
.................................
.........#########........@......
#######..# #..#########.... #..#
#...# #....
######..#########...########....
............<..@@.#.#...........
..................#.#...........
##########..#######.##........(.
# #..# ..#......@... #..#
:.#.......... #..# #..........
#..# #.......... ...^ #..........
.... ..........


You could see Harold.

Vanquished Creatures
  An ugly thing (D:8)
  A hornet (D:8)
  2 steam dragons (D:7)
  Menkaure (D:6)
  8 ice beasts
  An orc warrior (D:8)
  A sky beast (D:7)
  3 black bears
  2 ogres (D:6)
  A centaur (D:5)
  2 phantoms (D:6)
  2 kobold brigands (D:8)
  A bullfrog (D:7)
  9 wights (D:8)
  4 killer bees (Temple)
  2 bullfrog zombies (D:6)
  2 hounds
  A jelly (D:7)
  A centaur skeleton (D:6)
  A bullfrog skeleton (D:6)
  2 centaur zombies (D:6)
  2 orc priests
  A sleepcap (D:5)
  2 iguanas (D:6)
  3 orc wizards
  A killer bee zombie (D:6)
  A howler monkey zombie (D:6)
  A howler monkey skeleton (D:6)
  7 adders
  A shadow imp (D:7)
  A white imp (D:6)
  2 ufetubi (D:6)
  2 worms
  2 dart slugs
  13 orcs
  6 endoplasms
  5 giant cockroaches
  5 goblins
  4 hobgoblins
  2 jackals (D:1)
  19 kobolds
  4 quokkas (D:2)
  8 ball pythons
  3 bats
  4 frilled lizards
  A rat (D:2)
148 creatures vanquished.

Vanquished Creatures (others)
  A white imp (D:7)
1 creature vanquished.

Grand Total: 149 creatures vanquished

Notes
Turn   | Place    | Note
-------+----------+-------------------------------------------
     0 | D:1      | FakeRyeBread the Gargoyle Fighter began the quest for the
                  | Orb.
     0 | D:1      | Reached XP level 1. HP: 14/14 MP: 1/1
   202 | D:1      | Reached XP level 2. HP: 19/19 MP: 2/2
   866 | D:1      | Reached XP level 3. HP: 23/23 MP: 3/3
  1347 | D:2      | Reached skill level 3 in Maces & Flails
  1399 | D:2      | Reached XP level 4. HP: 29/29 MP: 4/4
  2359 | D:3      | You fall into a shaft and drop 2 floors!
  2359 | D:5      | Entered Level 5 of the Dungeon
  2411 | D:5      | Reached XP level 5. HP: 28/33 MP: 5/5
  2694 | D:4      | Reached skill level 4 in Maces & Flails
  2783 | D:4      | Reached XP level 6. HP: 39/39 MP: 6/6
  2783 | D:4      | Found Vyokahau's Tremendous Tomes.
  3027 | D:5      | Noticed an ice beast
  3038 | D:5      | Noticed an ice beast
  3549 | D:4      | Noticed a black bear
  3567 | D:4      | Killed a black bear
  3814 | D:4      | Identified the +1 short sword "Ibesobb" {heavy, rElec rPois
                  | rF- Str+7}
  4297 | D:4      | Found a stormy altar of Qazlal.
  4355 | D:5      | Killed an ice beast
  4356 | D:5      | Reached skill level 5 in Maces & Flails
  4356 | D:5      | Reached XP level 7. HP: 44/44 MP: 7/7
  4365 | D:5      | Reached skill level 5 in Fighting
  4408 | D:5      | Reached skill level 5 in Armour
  4408 | D:5      | Reached skill level 5 in Shields
  4937 | D:6      | Noticed Menkaure
  4945 | D:6      | Killed Menkaure
  4946 | D:6      | Reached XP level 8. HP: 50/50 MP: 8/8
  5065 | D:6      | Reached skill level 6 in Maces & Flails
  5573 | D:6      | Reached skill level 7 in Maces & Flails
  5600 | D:6      | Reached XP level 9. HP: 52/56 MP: 9/9
  6054 | D:7      | Found a staircase to the Ecumenical Temple.
  6082 | Temple   | Entered the Ecumenical Temple
  6111 | Temple   | Became a worshipper of Warmaster Okawaru
  6580 | D:7      | Reached skill level 8 in Maces & Flails
  6819 | D:7      | Reached * piety under Okawaru
  6873 | D:7      | Found a transporter.
  6874 | D:7      | Noticed Stellion's ghost (novice HOFi)
  6876 | D:7      | Found a transporter.
  7575 | D:8      | Noticed a cyan ugly thing
  7605 | D:8      | Killed a cyan ugly thing
  7606 | D:8      | Reached skill level 1 in Invocations
  7798 | D:8      | Reached skill level 9 in Maces & Flails
  7798 | D:8      | Reached XP level 10. HP: 52/63 MP: 11/11
  7836 | D:8      | Identified the +4 war axe of Cobwebs {elec, rPois Str+3
                  | Int-5}
  7864 | D:8      | Reached ** piety under Okawaru
  8323 | D:8      | Found Quifityn's Antique Armour Boutique.
  8643 | D:9      | Identified the "Tuad Sep"
  8723 | D:9      | Noticed Harold
  8759 | D:9      | Slain by Harold

Illustrated notes

Levels and vault maps discovered:
D:1:      dpeg_arrival_renting, layout_basic, roderic_cross_of_infinity
D:2:      layout_loops_ring
D:3:      layout_basic
D:4:      layout_basic, general_overflow_altar, chequers_serial_rivers_micro_b,
          serial_bayou_pond_d, nicolae_shop_i_like_big_books, chequers_jeans
D:5:      layout_basic
D:6:      layout_basic, serial_undead, serial_undead_a, serial_undead_b,
          serial_undead_d, serial_undead_d, serial_undead_c, uniq_menkaure
D:7:      layout_loops_ring, minmay_temple_entry_ruins, gammafunk_ghost_smash,
          enter_bailey_6
D:8:      layout_loops_ring, serial_shops, nicolae_shop_window_shopping
D:9:      hangedman_cross_veins, layout_long_grid,
          lemuel_zombie_altar_kikubaaqudgha, trog_book, minmay_pinched_square,
          uniq_harold
Temple:   hellmonk_temple_of_storms

Skill      XL: |  1  2  3  4  5  6  7  8  9 10 |
---------------+-------------------------------+-----
Maces & Flails | 3 4 5 7 9 |  9.3
Fighting       | 4 5 6 7 |  7.8
Armour         | 4 5 6 7 |  7.8
Shields        | 4 5 6 7 |  7.7
Invocations    | 1 2 |  2.6

Action                     |  1- 3 |  4- 6 |  7- 9 | 10-12 || total
---------------------------+-------+-------+-------+-------++-------
  Melee: Flail             |   126 |   179 |   324 |    74 ||   703
         Morningstar       |       |       |       |     9 ||     9
 Invoke: Heroism           |       |       |     1 |     1 ||     2
    Use: Scroll            |       |     9 |     6 |     3 ||    18
         Potion            |       |       |       |     6 ||     6
 Armour: Scale mail        |    70 |       |       |       ||    70
         Chain mail        |    11 |   240 |   312 |    40 ||   603
         Plate armour      |       |       |       |    25 ||    25
  Dodge: Dodged            |    37 |    80 |   151 |    21 ||   289
  Block: Buckler           |    19 |    51 |   102 |    11 ||   183

Table legend: (Time is in decaauts)
 A = Elapsed time spent in this place.
 B = Non-inter-level travel time spent in this place.
 C = Inter-level travel time spent in this place.
 D = Time resting spent in this place.
 E = Time spent auto-exploring this place.
 F = Levels seen in this place.
 G = Mean time per level.
                   A        B        C        D        E       F      G
               +--------+--------+--------+--------+--------+-----+--------+
         Total |   8860 |   7900 |    960 |   1180 |   5033 |  10 |  886.0 |
       Dungeon |   8584 |   7662 |    922 |   1000 |   5033 |   9 |  953.8 |
        Temple |    276 |    238 |     38 |    180 |      0 |   1 |  276.0 |
               +--------+--------+--------+--------+--------+-----+--------+

Top non-repeatable levels by time:
     D:6: 1450 daAuts
     D:3: 1164 daAuts
     D:4: 1159 daAuts
     D:8: 1144 daAuts
     D:7: 992 daAuts
     D:1: 964 daAuts
     D:2: 836 daAuts
     D:5: 756 daAuts
  Temple: 276 daAuts
     D:9: 115 daAuts
